 Dungeon Crawl Stone Soup version 0.17-a0-1946-gfb768fe (webtiles) character file.

261 HungrySpirit the Ruffian (level 6, -3/48 HPs)
             Began as a Ghoul Warper on Oct 1, 2015.
             Slain by an orc warrior
             ... wielding a +0 scimitar
              (10 damage)
             ... on level 3 of the Dungeon.
             The game lasted 00:04:08 (1832 turns).

HungrySpirit the Ruffian (Ghoul Warper)             Turns: 1832, Time: 00:04:08

Health: -3/48      AC:  3    Str: 17    XL:     6   Next: 18%
Magic:  7/7        EV: 11    Int:  8    God:
Gold:   64         SH:  0    Dex:  8    Spells: 1 memorised, 7 levels left

rFire  . . .     SeeInvis .       - Unarmed
rCold  + . .     Clarity  .     a - +0 leather armour
rNeg   + + +     SustAt   .     (no shield)
rPois  ∞         Gourm    .     (no helmet)
rElec  .         Spirit   .     (no cloak)
rCorr  +         Warding  .     (no gloves)
rMut   .         Stasis   .     (no boots)
MR     .....                    f - amulet of resist corrosion
Stlth  +.........               (no ring)
                                (no ring)

@: rotting, not resistant to hostile enchantments, very unstealthy
A: rotting body, claws 1, carnivore 3, cold resistance 1, negative energy
resistance 3, slow healing 1, torment resistance, unbreathing
a: no special abilities


You were on level 3 of the Dungeon.
You were not hungry.

You visited 1 branch of the dungeon, and saw 3 of its levels.

You collected 64 gold pieces.

Inventory:

Missiles
 d - 5 tomahawks of dispersal (quivered)
Armour
 a - a +0 leather armour (worn)
Jewellery
 f - an amulet of resist corrosion (around neck)
 i - an uncursed ring of stealth {unknown}
Scrolls
 c - 2 scrolls of blinking
 l - a scroll of noise {unknown}
 m - a scroll of recharging {unknown}
 n - 2 scrolls of identify
Potions
 g - 2 potions of ambrosia
 h - a potion of magic
 k - a potion of heal wounds
 o - a potion of agility
Books
 b - a book of Spatial Translocations

   Spells                             Type                      Level
   a - Apportation                    Translocation                1
   b - Blink                          Translocation                2
   c - Shroud of Golubria             Charms/Translocation         2
   d - Portal Projectile              Translocation                3
   e - Teleport Other                 Translocation                3
   f - Passage of Golubria            Translocation                4
Comestibles
 e - a meat ration
 j - a slice of pizza
 p - 4 chunks of flesh


   Skills:
 - Level 2.1 Fighting
 - Level 0.8 Throwing
 - Level 0.8 Armour
 - Level 1.7 Dodging
 + Level 6.9 Unarmed Combat
 - Level 1.7 Spellcasting
 - Level 2.6 Translocations


You had 7 spell levels left.
You knew the following spells:

 Your Spells              Type           Power        Failure   Level  Hunger
a - Apportation           Tloc           #.........   17%         1    ##.....


Dungeon Overview and Level Annotations

Branches:
Dungeon (3/15)

Altars:


Innate Abilities, Weirdness & Mutations

Your body is rotting away.
You thrive on raw meat.
You are immune to poison.
You have sharp fingernails.
You are carnivorous and can eat meat at any time.
Your flesh is cold resistant.
You are immune to negative energy.
You heal slowly when monsters are visible.
You are immune to unholy pain and torment.
You can survive without breathing.


Message History

You scratch the orc warrior.
The orc warrior is lightly wounded.
The orc warrior misses you.
You barely miss the orc warrior.
The orc warrior is lightly wounded.
The orc warrior hits you with a scimitar!!
You completely miss the orc warrior.
The orc warrior is lightly wounded.
You scratch the orc warrior.
The orc warrior is moderately wounded.
The orc warrior hits you with a scimitar!
You closely miss the orc warrior.
The orc warrior is moderately wounded.
The orc warrior hits you with a scimitar!
* * * LOW HITPOINT WARNING * * *
You closely miss the orc warrior.
The orc warrior is moderately wounded.
The orc warrior grunts loudly.
The orc warrior hits you with a scimitar!
You die...

#. #.... #.#.
#... #.. ####
#..#...# #.#.?.#
.. #.o#...#...
##@.#####...
#..........#
#.####.#.#.......
........###.....#
#.####...#......#
####..######
##.###########
#.##........#
###########
#.##.######.#


You could see an orc warrior.

Vanquished Creatures
  Sigmund (D:2)
  Robin (D:2)
  2 adders (D:2)
  2 worms (D:2)
  7 bats
  18 goblins
  8 hobgoblins
  9 kobolds
  A ball python (D:3)
  3 giant cockroaches (D:1)
  3 giant geckos (D:1)
  3 giant newts
  7 jackals
  4 rats
69 creatures vanquished.

Notes
Turn   | Place    | Note
--------------------------------------------------------------
     0 | D:1      | HungrySpirit the Ghoul Warper began the quest for the Orb.
     0 | D:1      | Reached XP level 1. HP: 17/17 MP: 2/2
   131 | D:1      | Reached XP level 2. HP: 15/24 MP: 3/3
   151 | D:1      | Reached skill level 3 in Unarmed Combat
   377 | D:1      | Reached XP level 3. HP: 14/29 MP: 4/4
   664 | D:2      | Reached skill level 4 in Unarmed Combat
   738 | D:2      | Noticed Robin
   856 | D:2      | Noticed Sigmund
   873 | D:2      | Killed Sigmund
   873 | D:2      | Reached skill level 6 in Unarmed Combat
   873 | D:2      | Reached XP level 4. HP: 19/36 MP: 5/5
   873 | D:2      | Reached XP level 5. HP: 21/41 MP: 6/6
   988 | D:2      | Killed Robin
  1002 | D:2      | Reached XP level 6. HP: 22/47 MP: 7/7
  1832 | D:3      | Slain by an orc warrior

Vault maps used:
D:1:      tarquinn_simple_flora_water_b, serial_park_tiny_2
D:2:      kennysheep_big_flooded_room, columned_hall_lemuel, uniq_sigmund,
          uniq_robin
D:3:      st_stairs_6, minmay_distorted

Action                   |  1- 3 |  4- 6 || total
-------------------------+-------+-------++-------
Melee: Unarmed           |   135 |    98 ||   233
  Use: Potion            |     4 |     1 ||     5
       Scroll            |       |     3 ||     3
  Eat: Chunk             |    13 |    13 ||    26
       Meat ration       |       |     1 ||     1
